cohdb
Replays
Latest Replays
All Replays
Popular Replays
Top Player Replays
Match Explorer
How It Works
Community
CoH3 Stats
Reddit
Sign in to upload your games and track your stats! →
Sign in with Steam
Match 43125880
Unlisted
Match 43125880
Overview
Messages
Build Orders
End
Construct Infanterie Kompanie
Selects Mechanized Battlegroup
Grenadier Squad
MG 42 Machine Gun Team
Grenadier Squad
Infanterie Officer Quarters
Pioneer Squad
GrW 34 Mortar Team
Construct Luftwaffe Kompanie
Jäger Squad
Support Elements
Selects Raid Package
Wirbelwind Flakpanzer
Selects 8 Rad Armored Car
Marder III M Tank Destroyer
Selects UNKNOWN (2160084)
Jäger Squad
Jäger Squad
Construct Panzer Kompanie
Stoßtruppen Squad
MasonJar
Cpt.Rice
Comrade Peppers
woof_raff
0
0
Comments
sign in to comment!
No comments posted yet!